 Dungeon Crawl Stone Soup version 0.28-a0-793-g31680bbd8b (webtiles) character file.

Game seed: 3622150914013487136

21 Tinkle the Skirmisher (level 2, 27/27 HPs)
             Began as a Minotaur Berserker on Oct 21, 2021.
             Was a Follower of Trog.
             Quit the game on level 1 of the Dungeon on Nov 4, 2021.
             The game lasted 00:03:02 (987 turns).

Tinkle the Skirmisher (Minotaur Berserker)           Turns: 987, Time: 00:03:03

Health: 27/27      AC:  2    Str: 21    XL:     2   Next: 62%
Magic:  1/1        EV: 12    Int:  4    God:    Trog [*.....]
Gold:   20         SH:  0    Dex:  9    Spells: 1/1 levels left

rFire   . . .      SeeInvis .   a - +0 hand axe
rCold   . . .      Faith    .   (no shield)
rNeg    . . .      Spirit   .   b - +0 animal skin
rPois   .          Reflect  .   (helmet restricted)
rElec   .          Harm     .   (no cloak)
rCorr   .          Rampage  .   (no gloves)
Will    .....                   (no boots)
Stlth   +.........              (no amulet)
HPRegen 0.09/turn               (no ring)
MPRegen 0.07/turn               (no ring)

@: no status effects
A: horns 2, retaliatory headbutt
a: Renounce Religion, Berserk


You were on level 1 of the Dungeon.
You worshipped Trog.
Trog was aware of your devotion.
You visited 1 branch of the dungeon, and saw 1 of its levels.

You collected 20 gold pieces.

Inventory:

Hand Weapons
 a - a +0 hand axe (weapon)
Armour
 b - a +0 animal skin (worn)
 c - a +2 hat
Scrolls
 d - a scroll of identify {unknown}


   Skills:
 + Level 4.2 Fighting
 + Level 4.2 Axes
 - Level 2.4 Armour
 - Level 2.1 Dodging


You had one spell level left.
You didn't know any spells.
Your spell library was empty.

Dungeon Overview and Level Annotations

Branches:
Dungeon (1/15)

Altars:

Shops:
D:1 !


Innate Abilities, Weirdness & Mutations

You have a pair of horns on your head.
You reflexively headbutt those who attack you in melee.


Message History

You barely miss the jackal. The jackal bites you.
The jackal closely misses you. You furiously retaliate!
You headbutt the jackal, but do no damage.
You barely miss the jackal. The jackal closely misses you.
You hit the jackal.
The jackal is severely wounded.
The jackal bites you but does no damage.
The jackal misses you.
You hit the jackal.
You kill the jackal!
Trog accepts your kill.
Found a scroll labelled OMADO CUCW.
You see here a +0 club.
You start resting.
A quokka is nearby!
A quokka is nearby!
You start resting.
A quokka is nearby!
You miss the quokka. The quokka misses you.
You miss the quokka. The quokka bites you.
You closely miss the quokka. The quokka bites you. The quokka misses you.
You hit the quokka.
The quokka is severely wounded.
The quokka misses you. You furiously retaliate!
You headbutt the quokka.
You kill the quokka!
Trog accepts your kill.
You see here a quokka corpse.
You start resting.
HP restored.
You see here a +0 club.
d - a scroll labelled OMADO CUCW You start waiting.
Done waiting.
Welcome back, Tinkle the Minotaur Berserker.
Trog says: Kill them all!
Press ? for a list of commands and other information.
Found a stone staircase leading down.
Unknown command.
Unknown command.
Are you sure you want to abandon this character and quit the game? (Confirm with "yes".)

#.#..#.#.##.#
######.#..#.#.##.#
#........##.#.##.#
#........##.#....#
#........##.######
#.........#.##
#.............
#.......####..##
#####...@.......
#...#.##....
#.#.#.# . .......#
......##.# .......
.. ####### .? >#


There were no monsters in sight!

Vanquished Creatures
  A bat (D:1)
  An endoplasm (D:1)
  2 goblins (D:1)
  A hobgoblin (D:1)
  3 jackals (D:1)
  2 quokkas (D:1)
  4 ball pythons (D:1)
  A frilled lizard (D:1)
  A kobold (D:1)
  3 rats (D:1)
19 creatures vanquished.

Notes
Turn   | Place    | Note
-------+----------+-------------------------------------------
     0 | D:1      | Tinkle the Minotaur Berserker began the quest for the Orb.
     0 | D:1      | Reached XP level 1. HP: 19/19 MP: 0/0
   164 | D:1      | Found Hillusig's Distillery.
   267 | D:1      | Found a faded altar of an unknown god.
   374 | D:1      | Reached XP level 2. HP: 26/27 MP: 1/1
   983 | D:1      | Upgraded the game from 0.28-a0-691-gad6df49e81 to
                  | 0.28-a0-793-g31680bbd8b
   987 | D:1      | Quit the game

Illustrated notes

Levels and vault maps discovered:
D:1:      dpeg_arrival_rooms_b, layout_basic, ebering_ecumenical_altar_mist,
          serial_shops, nicolae_lakefront_shop, minmay_crystal_room

Skill      XL: |  1 |
---------------+----+-----
Fighting       | 4 |  4.2
Axes           | 4 |  4.2
Armour         | |  2.4
Dodging        | |  2.1

Action                   || total
-------------------------++-------
Melee: Hand axe          ||    37
       Headbutt          ||     5
Armor: Animal skin       ||     8
Dodge: Dodged            ||    27

Table legend: (Time is in decaauts)
 A = Elapsed time spent in this place.
 B = Non-inter-level travel time spent in this place.
 C = Inter-level travel time spent in this place.
 D = Time resting spent in this place.
 E = Time spent auto-exploring this place.
 F = Levels seen in this place.
 G = Mean time per level.
                   A        B        C        D        E       F      G
               +--------+--------+--------+--------+--------+-----+--------+
         Total |    990 |    990 |      0 |    307 |    564 |   1 |  990.0 |
       Dungeon |    990 |    990 |      0 |    307 |    564 |   1 |  990.0 |
               +--------+--------+--------+--------+--------+-----+--------+

Top non-repeatable levels by time:
     D:1: 990 daAuts
